 Dungeon Crawl Stone Soup version bcrawl-1.27.1d (webtiles) character file.

Game seed: 7979967540655392313

133938 Goodini51 the Gusty (level 4, 0/30 HPs)
             Began as a Human Air Elementalist on July 17, 2020.
             Slain by an adder (3 damage)
             ... on level 2 of the Dungeon.
             The game lasted 00:09:18 (1812 turns).

Goodini51 the Gusty (Human Air Elementalist)        Turns: 1812, Time: 00:09:18

Health: 0/30       AC:  3    Str:  8    XL:     4   Next: 81%
Magic:  1/8        EV: 12    Int: 16    God:
Gold:   107        SH:  0    Dex: 14    Spells: 3/9 levels left

rFire    . . .     SeeInvis .   n - +3 mace
rCold    . . .     Gourm    .   (no shield)
rNeg     . . .     Faith    .   a - +0 robe
rPois    .         Spirit   .   (no helmet)
rElec    .         Reflect  .   h - +0 cloak
rCorr    .         Harm     .   (no gloves)
MR       .....                  (no boots)
Stlth    ++........             (no amulet)
HPRegen  0.10/turn              (no ring)
MPRegen  0.11/turn              (no ring)

@: no status effects
A: no striking features
a: no special abilities


You were on level 2 of the Dungeon.
You were not hungry.

You visited 1 branch of the dungeon, and saw 2 of its levels.

You collected 107 gold pieces.

Inventory:

Hand Weapons
 i - a +0 hunting sling
 n - a +3 mace (weapon)
Missiles
 j - 166 sling bullets
Armour
 a - a +0 robe (worn)
 d - a +0 helmet
 h - a +0 cloak (worn)
Scrolls
 g - a scroll of remove curse
 k - a scroll of teleportation
 m - a scroll of fear
Potions
 b - a potion of invisibility
 c - a potion of flight
 f - a potion of lignification
 l - 2 potions of degeneration {unknown}
 p - 2 potions of magic {unknown}
Comestibles
 e - 9 rations {!d}


   Skills:
 - Level 0.1 Fighting
 - Level 0.4 Slings
 - Level 2.1 Dodging
 - Level 2.4 Stealth
 * Level 3.0 Spellcasting
 * Level 2.3 Conjurations
 * Level 4.2 Air Magic


You had 3 spell levels left.
You knew the following spells:

 Your Spells              Type           Power        Failure   Level  Hunger
a - Shock                 Conj/Air       ##...        4%          1    None
b - Swiftness             Chrm/Air       #.......     12%         2    #......
c - Static Discharge      Air            ###.....     10%         3    ####...

Your spell library contained the following spells:

 Spells                   Type           Power        Failure   Level  Hunger
 Airstrike                Air            ###.......   32%         4    #####..
 Lightning Bolt           Conj/Air       ##........   80%         5    ######.


Dungeon Overview and Level Annotations

Branches:
Dungeon (2/12)

Altars:
Kikubaaqudgha


Message History

Press: ? - help, Shift-Dir - straight line, f - adder
Aim: an adder The zap hits the gnoll.
The gnoll is almost dead.
The zap hits the adder.
The adder is moderately wounded.
The gnoll hits you.
* * * LOW HITPOINT WARNING * * *
Casting: Shock (safe; 4% risk of failure)
Confirm with . or Enter, or press ? or * to list all spells.
Aiming: Shock (safe; 4% risk of failure)
Press: ? - help, Shift-Dir - straight line, f/p - adder
Aim: an adder (moderately wounded)
The zap hits the gnoll.
The gnoll is almost dead.
The zap misses the adder.
The gnoll closely misses you.
You sock the gnoll!
You kill the gnoll!
The adder bites you.
You die...

# #######.######.#.####
## #...>..(÷...........##
.##
#.#####..>......>....#
..#
#.#####.###.##.#.##.##.
.#######...........##.#.#
#..
.......).#####.######.#.#
.g# .....##..### #.#
##.#.# ..# .###.#.....#
#.#####...# ..# .#
#.#.....# #..@S..)..#...#
.# #.......#
#########...#
.#####.....# ##.†#
.....(.....# #####)[#
.....##.#### #...##..#
.).#.##.# #.##<##..#
##...##.# #.##.# #..#
###.##.# #.##.####..
#.##.# #.##....##. #


You could see an adder.

Vanquished Creatures
  Robin (D:1)
  3 gnolls (D:2)
  3 worms (D:2)
  A leopard gecko (D:1)
  9 goblins
  10 hobgoblins
  4 kobolds
  3 bats
  2 frilled lizards (D:2)
36 creatures vanquished.

Notes
Turn   | Place    | Note
-------+----------+-------------------------------------------
     0 | D:1      | Goodini51 the Human Air Elementalist began the quest for
                  | the Orb.
     0 | D:1      | Reached XP level 1. HP: 13/13 MP: 3/3
   338 | D:1      | Reached XP level 2. HP: 15/19 MP: 1/5
   636 | D:2      | Learned a level 2 spell: Swiftness
   867 | D:2      | Found an ancient bone altar of Kikubaaqudgha.
   886 | D:2      | Reached XP level 3. HP: 24/24 MP: 0/6
  1166 | D:2      | Learned a level 3 spell: Static Discharge
  1362 | D:2      | Noticed Robin
  1477 | D:1      | Killed Robin
  1477 | D:1      | Reached skill level 4 in Air Magic
  1477 | D:1      | Reached XP level 4. HP: 14/30 MP: 0/8
  1812 | D:2      | Slain by an adder

Skill      XL: |  1  2  3  4 |
---------------+-------------+-----
Conjurations   | 2 |  2.3
Air Magic      | 4 |  4.2
Spellcasting   | 3 |  3.0
Fighting       | |  0.1
Slings         | |  0.4
Dodging        | |  2.1
Stealth        | |  2.4

Action                   |  1- 3 |  4- 6 || total
-------------------------+-------+-------++-------
Melee: Unarmed           |     6 |       ||     6
       Mace              |       |     2 ||     2
 Fire: Hunting sling     |    25 |     1 ||    26
 Cast: Shock             |    66 |    19 ||    85
  Use: Scroll            |     4 |     1 ||     5
  Eat: Chunk             |     3 |     2 ||     5
Armor: Robe              |     5 |       ||     5
Dodge: Dodged            |    13 |     2 ||    15
